 Dungeon Crawl Stone Soup version 0.18.1-48-g4cf74bf (webtiles) character file.

3470 Gargoyl the Protected (level 9, -5/70 HPs)
             Began as a Demonspawn Abyssal Knight on Aug 31, 2016.
             Was an Elder of Lugonu.
             Killed from afar by an electric eel (7 damage)
             ... with a bolt of electricity
             ... on level 7 of the Dungeon.
             The game lasted 00:16:03 (6134 turns).

Gargoyl the Protected (Demonspawn Abyssal Knight)   Turns: 6134, Time: 00:16:03

Health: -5/70      AC: 17    Str: 14    XL:     9   Next: 79%
Magic:  10/11      EV:  9    Int: 14    God:    Lugonu [****..]
Gold:   54         SH:  0    Dex: 16    Spells: 0 memorised, 8 levels left

rFire  + . .     SeeInvis .     I - +7 hand axe (elec)
rCold  + . .     Gourm    .     d - +1 chain mail
rNeg   . . .     Faith    .     (no shield)
rPois  +         Spirit   .     (helmet restricted)
rElec  .         Dismiss  .     (no cloak)
rCorr  .         Reflect  .     (no gloves)
SustAt .         Harm     .     s - +2 pair of boots
MR     .....                    (no amulet)
Stlth  ..........               E - ring of poison resistance
                                q - +4 ring of dexterity

@: about to teleport, not resistant to hostile enchantments, extremely
unstealthy
A: horns 1, slimy green scales 1, cold resistance 1, fire resistance 1, powered
by death 2, spiny 1, weak 1, wild magic 1, sturdy frame 1
a: Depart the Abyss, Bend Space, Banish, Corrupt, Renounce Religion


You were on level 7 of the Dungeon.
You worshipped Lugonu.
Lugonu was greatly pleased with you.
You were hungry.

You visited 1 branch of the dungeon, and saw 7 of its levels.
You visited the Abyss 1 time.

You collected 324 gold pieces.
You spent 270 gold pieces at shops.

Inventory:

Hand Weapons
 A - a +0 war axe
 I - a +7 hand axe of electrocution (weapon)
 J - a +1 hand axe of freezing
Missiles
 D - 3 tomahawks (quivered)
Armour
 d - a +1 chain mail (worn)
 s - a +2 pair of boots (worn)
Jewellery
 q - a +4 ring of dexterity (left hand)
 E - a ring of poison resistance (right hand)
Wands
 e - a wand of slowing (21/48)
 t - a wand of flame (24/48)
 u - a wand of teleportation (5/9)
 G - a wand of digging (18/24)
 K - a wand of iceblast (8/15)
Scrolls
 i - 4 scrolls of remove curse
 k - 3 scrolls of fog
 l - a scroll of recharging
 v - 4 scrolls of identify
 x - a scroll of amnesia
 B - a scroll of fear
Potions
 a - 2 potions of degeneration {unknown}
 g - 2 potions of agility {unknown}
 h - 2 potions of resistance {unknown}
 n - a potion of haste {unknown}
 r - 3 potions of might
 w - a potion of magic {unknown}
 z - a potion of curing {unknown}
 C - a potion of flight {unknown}
 H - a potion of lignification {unknown}
Books
 m - a book of Burglary

   Spells                             Type                      Level
   a - Swiftness                      Charms/Air                   2
   b - Passwall                       Transmutation/Earth          2
   c - Passage of Golubria            Translocation                4
   d - Lee's Rapid Deconstruction     Earth                        5
   e - Darkness                       Hexes                        6
   f - Invisibility                   Hexes                        6
 y - a book of Changes

   Spells                             Type                      Level
   a - Beastly Appendage              Transmutation                1
   b - Sticks to Snakes               Transmutation                2
   c - Spider Form                    Transmutation/Poison         3
   d - Ice Form                       Ice/Transmutation            4
   e - Blade Hands                    Transmutation                5
Comestibles
 c - 7 bread rations
 f - 3 slices of pizza
 j - 2 meat rations
 p - 28 fruits
 L - a beef jerky


   Skills:
 + Level 6.3 Fighting
 + Level 5.9 Axes
 * Level 9.5 Armour
 + Level 4.0 Dodging
 + Level 0.2 Stealth
 + Level 2.9 Invocations


You had 8 spell levels left.
You didn't know any spells.

Dungeon Overview and Level Annotations

Branches:
Dungeon (7/15)             Temple (0/1) D:5

Altars:
Gozag
Kikubaaqudgha
Nemelex Xobeh
Okawaru
Qazlal
Ru
Vehumet
Yredelemnul
The Shining One

Shops:
D:6 =


Innate Abilities, Weirdness & Mutations

You have a pair of small horns on your head.
You are partially covered in slimy green scales (AC +2).
You regenerate health from kills.
You are partially covered in sharp spines.
Your flesh is cold resistant.
Your flesh is heat resistant.
You are weak. (Str -2)
Your spells are a little harder to cast, but a little more powerful.
Your movements are slightly less encumbered by armour (ER -2).


Message History

Okay, then.
Read which item? (? for menu, Esc to quit)
As you read the scroll of teleportation, it crumbles to dust.
You feel strangely unstable.
The electric eel shoots out a bolt of lightning at you!
The bolt of electricity hits you!
* * * LOW HITPOINT WARNING * * *
You fail to use your ability.
Space bends around you!
You blink.
* * * LOW HITPOINT WARNING * * *
You feel slightly more hungry.
The electric eel shoots out a bolt of lightning at you!
The bolt of electricity hits you!
* * * LOW HITPOINT WARNING * * *
The electric eel shoots out a bolt of lightning at you!
The bolt of electricity hits you!
* * * LOW HITPOINT WARNING * * *
The electric eel shoots out a bolt of lightning at you!
The bolt of electricity hits you!
You die...

#######......##.**
#..<..).#.##.#*.,**
#....####....#**,,* #
##.....####...####.######
#...................)....
##.##########...###.######
♣.....#######....##..#....
**♣♣♣♣♣♣....##.............>###
***≈≈≈≈≈P≈♣...$.@.....##......##*
≈*≈≈≈≈≈≈≈≈;♣.#.........#####+#..#
*≈≈≈≈≈≈..≈.............#,,*,,#...
≈≈≈≈.≈................##,,*,,##..
,,,,.....!.§...........#,,',,#...
,≈≈,..≈.≈..≈;♣♣†...$...#,,*,,#...
≈,≈,.≈P≈≈≈≈≈P≈≈≈≈......#,,*,,###.
≈≈≈≈P≈≈P≈P≈≈≈≈≈PP♣###..#*****#...
*≈≈≈P≈≈≈≈≈≈≈≈P≈≈≈.#*,.##*,,*#....


You could see 2 electric eels.

Vanquished Creatures
  The ghost of baghtru the Cleaver, a novice HOFi of Okawaru (D:7)
  Pikel (D:4)
  Sigmund (D:5)
  An orc warrior (D:6)
  A hippogriff (D:7)
  Duvessa (D:7)
  An ice beast (D:7)
  3 sky beasts
  A slave (D:4)
  A phantom (D:4)
  A centaur (D:6)
  4 giant frogs
  Dowan (D:7)
  2 scorpions
  8 wights
  A howler monkey (D:7)
  A crimson imp (D:5)
  A hound (D:6)
  2 orc priests
  A jelly (D:6)
  5 orc wizards
  2 iguanas
  3 worker ants (D:7)
  A hound zombie (D:6)
  A worker ant zombie (D:5)
  10 adders
  3 gnolls (D:3)
  An ooze (D:3)
  6 worms
  A dart slug (D:4)
  3 giant geckos
  12 orcs
  12 bats
  4 giant cockroaches
  5 goblins
  5 hobgoblins
  2 jackals (D:5)
  7 kobolds
  4 quokkas
  2 ball pythons
  A ball python skeleton (D:4)
  4 giant newts
  5 rats
133 creatures vanquished.

Vanquished Creatures (others)
  A slave (D:6)
  An orc (D:6)
2 creatures vanquished.

Grand Total: 135 creatures vanquished

Notes
Turn   | Place    | Note
--------------------------------------------------------------
     0 | Abyss:1  | Gargoyl the Demonspawn Abyssal Knight began the quest for the Orb.
     0 | Abyss:1  | Reached XP level 1. HP: 18/18 MP: 2/2
    30 | Abyss:1  | Found a shimmering altar of Xom.
    64 | Abyss:1  | Noticed a raiju
    66 | D:1      | Escaped the Abyss
   271 | D:1      | Reached * piety under Lugonu
   805 | D:1      | Reached skill level 2 in Armour
   805 | D:1      | Gained mutation: You regenerate a little health from kills. [demonic ancestry]
   805 | D:1      | Reached XP level 2. HP: 22/24 MP: 3/3
  1233 | D:2      | Found a sparkling altar of Nemelex Xobeh.
  1377 | D:2      | Reached XP level 3. HP: 16/29 MP: 4/4
  1557 | D:2      | Reached skill level 1 in Dodging
  2025 | D:2      | Reached ** piety under Lugonu
  2203 | D:2      | Reached XP level 4. HP: 37/37 MP: 6/6
  2497 | D:3      | Found an opulent altar of Gozag.
  2558 | D:3      | Reached skill level 3 in Armour
  2964 | D:3      | Found an iron altar of Okawaru.
  2983 | D:3      | Gained mutation: You have a pair of small horns on your head. [demonic ancestry]
  2983 | D:3      | Reached XP level 5. HP: 42/42 MP: 7/7
  3138 | D:3      | Found a stormy altar of Qazlal.
  3421 | D:4      | Reached *** piety under Lugonu
  3764 | D:4      | Noticed a phantom
  3811 | D:4      | Killed a phantom
  3811 | D:4      | Reached XP level 6. HP: 8/49 MP: 8/8
  3969 | D:4      | Noticed a sky beast
  3996 | D:4      | Killed a sky beast
  3996 | D:4      | Reached skill level 4 in Armour
  4001 | D:4      | Gained mutation: Your flesh is heat resistant. [mutagenic meat]
  4046 | D:5      | Entered Level 5 of the Dungeon
  4046 | D:5      | Noticed Pikel
  4046 | D:5      | Noticed a slave
  4046 | D:5      | Noticed a slave
  4046 | D:5      | Noticed a slave
  4048 | D:5      | Noticed a slave
  4078 | D:4      | Killed a slave
  4286 | D:4      | Killed Pikel
  4286 | D:4      | Reached skill level 5 in Armour
  4286 | D:4      | Gained mutation: You are partially covered in sharp spines. [demonic ancestry]
  4286 | D:4      | Reached XP level 7. HP: 10/55 MP: 9/9
  4564 | D:5      | Noticed Sigmund
  4573 | D:5      | Killed Sigmund
  4573 | D:5      | Reached skill level 5 in Fighting
  4573 | D:5      | Reached skill level 6 in Armour
  4685 | D:5      | Found a staircase to the Ecumenical Temple.
  4731 | D:5      | Gained mutation: You are partially covered in slimy green scales (AC +2). [demonic ancestry]
  4731 | D:5      | Reached XP level 8. HP: 59/62 MP: 10/10
  4870 | D:5      | Found a basalt altar of Yredelemnul.
  4879 | D:5      | Found a glowing golden altar of the Shining One.
  5007 | D:5      | Found an ancient bone altar of Kikubaaqudgha.
  5152 | D:5      | Noticed an angel
  5252 | D:6      | Reached skill level 7 in Armour
  5293 | D:6      | Found a radiant altar of Vehumet.
  5356 | D:6      | Reached **** piety under Lugonu
  5562 | D:6      | Found a sacrificial altar of Ru.
  5631 | D:6      | Reached skill level 8 in Armour
  5694 | D:6      | Found Awkyqila's Jewellery Boutique.
  5718 | D:6      | Bought a +4 ring of dexterity for 270 gold pieces
  5794 | D:7      | Noticed baghtru's ghost (novice HOFi)
  5799 | D:7      | Gained mutation: You regenerate health from kills. [demonic ancestry]
  5799 | D:7      | Reached XP level 9. HP: 68/68 MP: 11/11
  5809 | D:7      | Killed baghtru's ghost
  5809 | D:7      | Reached skill level 5 in Axes
  5874 | D:7      | Found an iron altar of Okawaru.
  5903 | D:7      | Reached skill level 9 in Armour
  5932 | D:7      | Gained mutation: Your movements are slightly less encumbered by armour (ER -2). [mutagenic meat]
  5933 | D:7      | Gained mutation: You are weak. (Str -2) [mutagenic meat]
  5934 | D:7      | Gained mutation: Your flesh is cold resistant. [mutagenic meat]
  5935 | D:7      | Gained mutation: Your spells are a little harder to cast, but a little more powerful. [mutagenic meat]
  6042 | D:7      | Noticed Duvessa
  6043 | D:7      | Noticed Dowan
  6066 | D:7      | Killed Duvessa
  6078 | D:7      | Killed Dowan
  6134 | D:7      | HP: 2/70 [electric eel/bolt of electricity (6)]
  6134 | D:7      | Killed from afar by an electric eel

Skill      XL: |  1  2  3  4  5  6  7  8  9 |
---------------+----------------------------+-----
Armour         | 2 3 5 6 8 9 |  9.5
Axes           | 2 3 4 5 |  5.9
Dodging        | 1 2 3 4 |  4.0
Fighting       | 4 5 6 |  6.3
Stealth        | |  0.2
Invocations    | |  2.9

Action                   |  1- 3 |  4- 6 |  7- 9 || total
-------------------------+-------+-------+-------++-------
Melee: Hand axe          |   142 |   277 |    98 ||   517
       Headbutt          |       |    39 |    26 ||    65
       War axe           |       |       |    43 ||    43
Invok: Depart the Abyss  |     1 |       |       ||     1
       Bend Space        |       |     1 |     1 ||     2
  Use: Potion            |       |     1 |       ||     1
       Scroll            |       |       |    22 ||    22
  Eat: Chunk             |     4 |     8 |    12 ||    24
Armor: Chain mail        |   128 |   171 |   115 ||   414
Dodge: Dodged            |    55 |    93 |    77 ||   225
